Map: Solaris LE

Players

Subwayeatn - Winner!

  • Race: Zerg Zerg
  • League: Platinum
  • Spawn Location: 1:00

Arturian

  • Race: Zerg Zerg
  • League: Platinum
  • Spawn Location: 7:00

VOD

Have the link to the VOD?

Description

Time

  • Played on: Oct. 31, 2023, 5:30 p.m.
  • Length: 5:38
Show
View Real Time Build Order
Export as new Build Order

Subwayeatn Zerg - Winner!

Build Orders: Pool First 

Get SALT Encoding   

  12  0:01  Drone  
  13  0:08  Drone  
  13  0:12  Extractor  
  13  0:27  Spawning Pool  
  12  0:57  Hatchery  
  11  1:14  Queen  
  13  1:26  Metabolic Boost  
  13  1:35  Overlord  
  13  1:43  Zergling x2  
  14  1:54  Zergling x4  
  16  2:02  Zergling x2  
  17  2:11  Queen  
  17  2:14  Zergling x2  
  20  2:28  Zergling x6  
  23  2:31  Zergling x2  
  23  2:35  Zergling x2  
  25  2:49  Zergling x6  
  23  3:23  Zergling x6  
  23  3:24  Zergling x4  
  20  4:19  Drone x8  
  20  4:20  Overlord  
  20  4:21  Overlord  
  28  4:48  Zergling x2  
  28  4:49  Zergling x12  
  35  5:06  Zergling x6  
  35  5:07  Zergling x6  
Show
View Real Time Build Order
Export as new Build Order

Arturian Zerg 

Build Orders: Hatch First, Zergling Baneling 

Get SALT Encoding   

  12  0:00  Drone  
  13  0:08  Drone  
  14  0:15  Extractor  
  14  0:16  Drone  
  15  0:41  Hatchery  
  14  0:45  Extractor, Drone  
  15  0:59  Spawning Pool  
  15  1:02  Extractor  
  15  1:04  Drone  
  14  1:10  Overlord  
  14  1:28  Drone  
  14  1:29  Drone  
  14  1:31  Drone  
  17  1:42  Drone  
  18  1:47  Queen  
  20  1:54  Drone  
  20  1:56  Queen  
  20  2:00  Zergling x2  
  24  2:07  Metabolic Boost  
  24  2:16  Zergling x2  
  24  2:17  Zergling x2  
  24  2:21  Overlord  
  26  2:38  Zergling x2  
  26  2:39  Zergling x2  
  28  2:45  Drone  
  29  2:57  Zergling x2  
  29  2:58  Zergling x8  
  30  3:09  Zergling x2  
  30  3:10  Zergling x12  
  32  3:26  Zergling x4  
  34  3:34  Spine Crawler  
  34  3:39  Spine Crawler  
  32  3:46  Baneling Nest  
  31  3:50  Overlord  
  28  4:13  Zergling x6  
  27  4:30  Baneling  
  27  4:31  Baneling  
  27  4:32  Baneling  
  27  4:33  Baneling  
  27  4:34  Zergling x2  
  27  4:35  Zergling x6  
  31  4:47  Zergling x4  
  31  4:48  Zergling x2  
  31  4:52  Baneling x2  
  34  4:53  Baneling x4  
  34  4:54  Baneling  
  34  4:55  Zergling x2  
  35  5:10  Zergling x2  
  35  5:11  Zergling x2  
Tags
 
Add a new tag
Caveats
  • Supply blocks, unpowered buildings, or Contaminate may cause inaccurate times.
  • Supply counts are checked every 10 seconds.